 Dungeon Crawl Stone Soup version 0.25-a0-972-g74ed164fb1 (webtiles) character file.

Game seed: 4602979280462947436, levelgen mode: deterministic

1522 Harbin the Fighter (level 8, -3/111 HPs)
             Began as a Black Draconian Berserker on May 9, 2020.
             Was a Priest of Trog.
             Killed by divine providence
             ... invoked by an orc priest
              (9 damage)
             ... on level 6 of the Dungeon.
             The game lasted 00:36:09 (5932 turns).

Harbin the Fighter (Black Draconian Berserker)      Turns: 5932, Time: 00:36:10

Health: -3/111     AC: 24    Str: 21    XL:     8   Next: 54%
Magic:  17/17      EV:  2    Int:  8    God:    Trog [***...]
Gold:   186        SH:  0    Dex: 11    Spells: 7/7 levels left

rFire    . . .     SeeInvis .   s - -2 mace (curse)
rCold    . . .     Gourm    .   (no shield)
rNeg     + + +     Faith    .   (armour unavailable)
rPois    +         Spirit   .   (helmet currently unavailable)
rElec    .         Reflect  .   (cloak currently unavailable)
rCorr    .         Harm     .   (gloves currently unavailable)
MR       .....     NoTele   +   (boots currently unavailable)
Stlth    +.........             (no amulet)
HPRegen  0.28/turn              h - ring of magical power
MPRegen  0.15/turn              (no ring)

@: tree-form, berserk cooldown, slowed, very slow
A: (breathe lightning), unfitting armour, AC +6
a: Berserk, Trog's Hand, Renounce Religion


You were on level 6 of the Dungeon.
You worshipped Trog.
Trog was most pleased with you.
You were near starving.
You were a tree.
You visited 2 branches of the dungeon, and saw 7 of its levels.

You collected 186 gold pieces.

Inventory:

Hand Weapons
 a - a +0 mace
 p - a +0 mace
 s - a cursed -2 mace (weapon)
 x - a +3 mace of protection
 z - a +3 spear
 A - a +0 flail
 B - a +0 halberd
 C - a +0 morningstar
Missiles
 d - 7 boomerangs (quivered)
 e - 2 boomerangs of dispersal
 l - 8 javelins
Armour
 t - a +0 cloak of poison resistance (melded)
 u - a +0 pair of boots (melded)
Jewellery
 h - a ring of magical power (left branch)
Wands
 q - a wand of digging (3)
Scrolls
 i - 3 scrolls of teleportation
 v - 2 scrolls of magic mapping
 y - a scroll of fog
Potions
 f - a potion of resistance {unknown}
 g - a potion of curing
 k - 3 potions of brilliance
 m - 2 potions of lignification
 n - a potion of flight {unknown}
 o - 2 potions of might {unknown}
 r - a potion of magic {unknown}
Comestibles
 b - 3 rations
 c - a chunk of flesh


   Skills:
 + Level 8.2 Fighting
 + Level 7.5 Maces & Flails
 - Level 5.0 Dodging


You had 7 spell levels left.
You didn't know any spells.
Your spell library contained the following spells:

 Spells                   Type           Power        Failure   Level  Hunger
 Corona                   Hex            #......      41%         1    ##.....
 Ensorcelled Hibernation  Hex/Ice        #.....       54%         2    ###....
 Confusing Touch          Hex            #.......     78%         3    ####...
 Dazzling Flash           Conj/Hex       #.....       78%         3    ####...
 Gell's Gravitas          Tloc           #.........   78%         3    ####...
 Tukima's Dance           Hex            #.......     78%         3    ####...
 Petrify                  Tmut/Erth      #.......     99%         4    #####..
 Metabolic Englaciation   Hex/Ice        #.........   100%        5    ######.
 Yara's Violent Unravell  Hex/Tmut       #.........   100%        5    ######.


Dungeon Overview and Level Annotations

Branches:
Dungeon (6/15)             Temple (1/1) D:6

Altars:
Cheibriados
Dithmenos
Fedhas
Gozag
Hepliaklqana
Kikubaaqudgha
Makhleb
Nemelex Xobeh
Qazlal
Sif Muna
Trog
Uskayaw
Vehumet
Xom
Zin
The Shining One

Annotations:
D:6 Sigmund


Innate Abilities, Weirdness & Mutations

((You can breathe wild blasts of lightning.))
((Your glossy black scales are hard. (AC +6)))
You cannot fit into any form of body armour.
((You are resistant to electric shocks. (rElec)))
((You are cold-blooded and may be slowed by cold attacks.))


Message History

You can't unwield your weapon to draw a new one!
You cannot move. (Use ctrl+direction or * direction to attack without moving.)
You swing at nothing.
The orc priest miscasts a cantrip.
Something hits you but does no damage.
You cannot move. (Use ctrl+direction or * direction to attack without moving.)
You closely miss something.
You have got your breath back.
Something hits you but does no damage.
The orc wizard begins to cast a cantrip, but forgets the words!
You swing at nothing.
You feel less confused. Something hits you but does no damage.
The orc wizard begins to cast a cantrip, but forgets the words!
The orc priest mumbles some strange prayers to Beogh against you.
Beogh smites you!
* * * LOW HITPOINT WARNING * * *
The orc priest mumbles some strange prayers to Beogh against you.
Beogh smites you!
You die...

.####### ># .# .# #.# .# ##.#
#.# .# #.. #.# .#### #.# #.#
....########.# #.#
.##..........# #.#
.##########..######.##########
.# #.ooo{♣.)...|....... .#
#..########.######## .. #..#
#.# ### #..# #.# .. @§.# #.#
..... #.# ###oo# ... #.. #.#


You could see 2 orc priests and an orc wizard (fast).

Vanquished Creatures
  Grinder (D:6)
  A phantom (D:4)
  A black bear (D:5)
  3 ogres
  Blork the orc (D:4)
  A gnoll sergeant (D:6)
  A scorpion (D:4)
  4 wights (D:5)
  A howler monkey (D:6)
  2 crimson imps
  A jelly (D:5)
  2 orc priests (D:6)
  3 orc wizards (D:6)
  Crazy Yiuf (D:3)
  2 worker ants
  A hound zombie (D:5)
  A worker ant zombie (D:6)
  3 gnolls (D:6)
  8 adders
  An ooze (D:1)
  A worm (D:2)
  A dart slug (D:1)
  2 leopard geckos
  6 orcs
  2 ball pythons
  6 giant cockroaches
  9 goblins
  7 hobgoblins
  4 jackals (D:1)
  7 kobolds
  3 quokkas
  4 bats
  7 frilled lizards
  A jackal skeleton (D:4)
  A leopard gecko skeleton (D:5)
  7 rats
107 creatures vanquished.

Notes
Turn   | Place    | Note
-------+----------+-------------------------------------------
     0 | D:1      | Harbin the Draconian Berserker began the quest for the Orb.
     0 | D:1      | Reached XP level 1. HP: 19/19 MP: 1/1
    79 | D:1      | Reached XP level 2. HP: 20/26 MP: 2/2
   548 | D:1      | Reached ** piety under Trog
   548 | D:1      | Reached XP level 3. HP: 33/33 MP: 3/3
  1367 | D:2      | Reached skill level 4 in Fighting
  1393 | D:2      | Reached XP level 4. HP: 10/40 MP: 4/4
  3130 | D:3      | Reached XP level 5. HP: 47/47 MP: 5/5
  3188 | D:3      | Noticed an ogre
  3195 | D:3      | Killed an ogre
  3212 | D:3      | Found a shimmering altar of Xom.
  3218 | D:3      | Found a hazy altar of Hepliaklqana.
  3221 | D:3      | Noticed a spectral ugly thing
  3271 | D:3      | Found a runed translucent door.
  3272 | D:3      | Noticed Crazy Yiuf
  3280 | D:3      | Killed Crazy Yiuf
  3280 | D:3      | Reached skill level 5 in Fighting
  3280 | D:3      | Reached XP level 6. HP: 56/56 MP: 6/6
  3464 | D:4      | Noticed Blork the orc
  3478 | D:4      | Killed Blork the orc
  3605 | D:4      | Reached skill level 5 in Maces & Flails
  3781 | D:4      | Your scales start taking on a glossy black colour.
  3781 | D:4      | Reached XP level 7. HP: 61/61 MP: 7/7
  3781 | D:4      | Gained mutation: You are resistant to electric shocks.
                  | (rElec) [Black Draconian growth]
  4209 | D:4      | Found a shimmering blue altar of Sif Muna.
  4270 | D:5      | Entered Level 5 of the Dungeon
  4311 | D:5      | Reached skill level 5 in Dodging
  4554 | D:5      | Reached skill level 6 in Fighting
  4682 | D:5      | Found a shadowy altar of Dithmenos.
  5467 | D:5      | Reached skill level 7 in Fighting
  5467 | D:5      | Reached XP level 8. HP: 48/73 MP: 8/8
  5594 | D:6      | Found a staircase to the Ecumenical Temple.
  5617 | D:6      | Reached *** piety under Trog
  5634 | Temple   | Entered the Ecumenical Temple
  5890 | D:6      | Noticed Grinder
  5903 | D:6      | Noticed Sigmund
  5905 | D:6      | Paralysed by Grinder for 7 turns
  5924 | D:6      | Killed Grinder
  5924 | D:6      | Reached skill level 8 in Fighting
  5932 | D:6      | Killed from afar by an orc priest

Illustrated notes

Levels and vault maps discovered:
D:1:      dpeg_arrival_stonehenge_8_columns, layout_basic
D:2:      layout_basic, first_ration, grunt_decor_mini_mirrors
D:3:      layout_loops_cross, regret_index_temple_of_mockery,
          grunt_ministairs_10, uniq_crazy_yiuf_cottage
D:4:      layout_loops_ring, led_sif_pool, uniq_blork_the_orc
D:5:      layout_basic, kennysheep_mini
D:6:      layout_loops_ring, minmay_temple_entry_proselytizer,
          minmay_manual_moon, uniq_grinder, uniq_sigmund
Temple:   nicolae_temple_x_marks_the_god

Skill      XL: |  1  2  3  4  5  6  7  8 |
---------------+-------------------------+-----
Dodging        | 3 4 5 |  5.0
Fighting       | 4 5 7 8 |  8.2
Maces & Flails | 4 5 6 7 |  7.5

Action                   |  1- 3 |  4- 6 |  7- 9 || total
-------------------------+-------+-------+-------++-------
Melee: Mace              |    91 |   124 |   157 ||   372
       Tailslap          |     7 |    18 |    20 ||    45
Throw: Boomerang         |       |       |     2 ||     2
Invok: Berserk           |     3 |     5 |     4 ||    12
       Trog's Hand       |       |     1 |     1 ||     2
 Abil: Breathe Lightning |       |       |     1 ||     1
  Use: Scroll            |     1 |     7 |     3 ||    11
       Potion            |       |       |     2 ||     2
 Stab: Sleeping          |     1 |     2 |       ||     3
  Eat: Chunk             |     2 |     8 |     6 ||    16
       Ration            |     1 |     1 |     1 ||     3
Armor: Skin              |    45 |    40 |    39 ||   124
Dodge: Dodged            |    79 |    72 |    99 ||   250

Table legend:
 A = Non-vault XP
 B = Vault XP
 C = Vault XP percentage of total XP
 D = Non-vault monster count
 E = Vault monster count
 F = Vault count percentage of total count
                 A         B        C        D         E       F
            +---------+---------+-------+---------+---------+-------
      Total |    1723 |     452 |  20.8 |     101 |       6 |   5.6
            +---------+---------+-------+---------+---------+-------
        D:1 |      56 |       0 |   0.0 |      30 |       0 |   0.0
        D:2 |      86 |       0 |   0.0 |      16 |       0 |   0.0
        D:3 |     208 |      41 |  16.5 |      13 |       3 |  18.8
        D:4 |     280 |      94 |  25.1 |      11 |       1 |   8.3
        D:5 |     666 |       0 |   0.0 |      15 |       0 |   0.0
        D:6 |     427 |     317 |  42.6 |      16 |       2 |  11.1
            +---------+---------+-------+---------+---------+-------
